 Dungeon Crawl Stone Soup version 0.20-a0-864-g92acfd1 (console) character file.

37 itsmu the Vexing (level 3, 0/26 HPs)
             Began as a Barachi Arcane Marksman on Mar 12, 2017.
             Slain by an adder (1 damage)
             ... on level 1 of the Dungeon.
             The game lasted 00:02:12 (1438 turns).

itsmu the Vexing (Barachi Arcane Marksman)          Turns: 1438, Time: 00:02:13

Health: 0/26       AC:  3    Str: 11    XL:     3   Next: 39%
Magic:  0/5        EV: 12    Int: 14    God:
Gold:   76         SH:  0    Dex: 12    Spells: 2/5 levels left

rFire    . . .     SeeInvis .   a - +0 shortbow
rCold    . . .     Gourm    .   e - +0 robe
rNeg     . . .     Faith    .   (shield currently unavailable)
rPois    .         Spirit   .   (no helmet)
rElec    .         Reflect  .   (no cloak)
rCorr    .         Harm     .   (no gloves)
MR       .....                  h - +0 pair of boots
Stlth    +.........             (no amulet)
Regen    0.1/turn               (no ring)
MPRegen  0.1/turn               (no ring)

@: lethally poisoned (0 -> -17), can't hop, very slightly contaminated, slow
A: +LOS, swims, slowness 1, strong legs 1
a: Hop


You were on level 1 of the Dungeon.
You were not hungry.

You visited 1 branch of the dungeon, and saw 2 of its levels.

You collected 76 gold pieces.

Inventory:

Hand Weapons
 a - a +0 shortbow (weapon)
 b - a +0 dagger
   (You took it off a goblin on level 1 of the Dungeon)
Missiles
 d - 6 arrows (quivered)
Armour
 e - a +0 robe (worn)
 h - a +0 pair of boots (worn)
   (You found it on level 1 of the Dungeon)
Scrolls
 g - 2 scrolls of identify {unknown}
 j - a scroll of teleportation {unknown}
 m - a scroll of amnesia {unknown}
Books
 c - a book of Debilitation

   Spells                             Type                      Level
   a - Corona                         Hexes                        1
   b - Slow                           Hexes                        2
   c - Inner Flame                    Hexes/Fire                   3
   d - Portal Projectile              Hexes/Translocation          3
   e - Cause Fear                     Hexes                        4
   f - Leda's Liquefaction            Hexes/Earth                  4
Comestibles
 f - 2 bread rations
 i - a royal jelly
 k - 2 fruits


   Skills:
 - Level 1.2 Fighting
 * Level 2.7 Bows
 - Level 2.1 Dodging
 + Level 1.7 Spellcasting
 * Level 4.0 Hexes


You had 2 spell levels left.
You knew the following spells:

 Your Spells              Type           Power        Failure   Level  Hunger
a - Corona                Hex            ##.....      6%          1    ##.....
b - Slow                  Hex            ##......     10%         2    ###....


Dungeon Overview and Level Annotations

Branches:
Dungeon (2/15)

Altars:


Innate Abilities, Weirdness & Mutations

Shadows flee at your approach. (+LOS)
You can swim through water.
You cover ground slowly.
You can hop short distances.


Message History

You are lethally poisoned!
The adder poisons you! The adder bites you.
* * * LOW HITPOINT WARNING * * *
You are more poisoned.
The adder poisons you!
You aren't carrying any potions.
Firing (i - inventory):
d - 8 arrows (quivered)
Press: ? - help, Shift-Dir - straight line, f/p - adder
Aim: an adder You shoot an arrow.
The arrow barely misses the adder.
* * * LOW HITPOINT WARNING * * *
You feel sick. The adder bites you.
* * * LOW HITPOINT WARNING * * *
Firing (i - inventory):
d - 7 arrows (quivered)
Press: ? - help, Shift-Dir - straight line, f/p - adder
Aim: an adder You shoot an arrow.
The arrow barely misses the adder.
* * * LOW HITPOINT WARNING * * *
You feel sick. The adder bites you.
You die...

#.# #.# #.# #.# #.# #.# ##### #.#
#.# #...# #.# #.# #####.#.# #.#
#.# #...#.#.# #.####.# #####
#.#.#.#.#
.......######..S###.#.#.#.#######
................M...#.#.#........
#.#......#.##...#####.#.#########
#.#.#...........#####.#.......#
..#.#..#.#.#....'.....###.#.#.#
.........#.##...#########.#.#.#
##..#.####....#...........#.#.#
..............#############.#.#
....#.##########P#P#P#P#P##.#.#
......# #..............#.#


You could see an adder.

Vanquished Creatures
  2 adders (D:2)
  An ooze (D:2)
  A leopard gecko (D:1)
  A giant cockroach (D:1)
  3 goblins
  A hobgoblin (D:1)
  3 bats (D:1)
  2 frilled lizards (D:1)
  2 rats
16 creatures vanquished.

Notes
Turn   | Place    | Note
-------+----------+-------------------------------------------
     0 | D:1      | itsmu the Barachi Arcane Marksman began the quest for the Orb.
     0 | D:1      | Reached XP level 1. HP: 15/15 MP: 2/2
   624 | D:1      | Reached XP level 2. HP: 21/21 MP: 4/4
  1081 | D:2      | Learned a level 2 spell: Slow
  1266 | D:2      | Reached XP level 3. HP: 19/26 MP: 5/5
  1376 | D:2      | Reached skill level 4 in Hexes
  1438 | D:1      | HP: 1/26 [poisoned by an adder]
  1438 | D:1      | Slain by an adder

Vault maps used:
D:1:      minmay_arrival_plants_in_alcoves, minmay_bisected
D:2:      cheibrodos_helix_gallery, marbit_many_paths, first_bread

Skill      XL: |  1  2  3 |
---------------+----------+-----
Hexes          | 4 |  4.0
Fighting       | |  1.2
Bows           | |  2.7
Dodging        | |  2.1
Spellcasting   | |  1.7

Action                   || total
-------------------------++-------
Melee: Dagger            ||    48
       Unarmed           ||     3
 Fire: Shortbow          ||    35
 Cast: Slow              ||     5
       Corona            ||     1
 Abil: Hop               ||     2
  Eat: Chunk             ||     2
Armor: Robe              ||    37
Dodge: Dodged            ||    70
